 Dungeon Crawl Stone Soup version 0.23.2 (webtiles) character file.

Game seed: 18024951036523795088

3237 Menchi the Fighter (level 9, -5/86 HPs)
             Began as a Minotaur Fighter on Apr 8, 2019.
             Was a Believer of Nemelex Xobeh.
             Slain by an elephant (18 damage)
             ... on level 8 of the Dungeon.
             The game lasted 00:09:40 (6040 turns).

Menchi the Fighter (Minotaur Fighter)               Turns: 6040, Time: 00:09:40

Health: -5/86      AC:  9    Str: 24    XL:     9   Next: 66%
Magic:  8/8        EV: 16    Int:  5    God:    Nemelex Xobeh [**....]
Gold:   446        SH:  5    Dex: 15    Spells: 8/8 levels left

rFire    . . .     SeeInvis +   t - +1 hand axe (chop)
rCold    . . .     Gourm    .   w - +0 buckler
rNeg     . . .     Faith    .   b - +0 scale mail
rPois    .         Spirit   .   (helmet restricted)
rElec    +         Reflect  .   (no cloak)
rCorr    .         Harm     +   (no gloves)
MR       .....                  k - +0 pair of boots
Stlth    +.........             x - amulet of harm
HPRegen  0.24/turn              c - ring of see invisible
MPRegen  0.11/turn              E - ring "Xuclazuru" {rElec SInv}

@: agile
A: retaliatory headbutt, horns 2
a: Draw Escape, Draw Destruction, Draw Summoning, Renounce Religion


You were on level 8 of the Dungeon.
You worshipped Nemelex Xobeh.
Nemelex Xobeh was pleased with you.
You were hungry.

You visited 1 branch of the dungeon, and saw 8 of its levels.

You collected 446 gold pieces.

Inventory:

Hand Weapons
 t - a +1 hand axe of chopping (weapon)
Armour
 b - a +0 scale mail (worn)
 k - a +0 pair of boots (worn)
 w - a +0 buckler (worn)
Jewellery
 c - a ring of see invisible (left hand)
 h - an uncursed ring of flight
 x - an amulet of harm (around neck)
 E - the ring "Xuclazuru" (right hand) {rElec SInv}
   (You found it on level 7 of the Dungeon)

   [ring of see invisible]

   It insulates you from electricity.
   It lets you see invisible.
 H - an uncursed ring of protection from cold {unknown}
 I - a cursed ring of resist corrosion {unknown}
Wands
 z - a wand of acid (12)
 F - a wand of digging (5)
 G - a wand of polymorph (13)
Scrolls
 d - a scroll of fog {unknown}
 e - 5 scrolls of magic mapping {unknown}
 g - 4 scrolls of amnesia {unknown}
 i - 3 scrolls of identify {unknown}
 j - 7 scrolls of remove curse {unknown}
 n - 2 scrolls of enchant weapon {unknown}
 p - a scroll of immolation {unknown}
 s - 2 scrolls of fear {unknown}
 y - 2 scrolls of noise {unknown}
 A - a scroll of enchant armour {unknown}
Potions
 a - 2 potions of agility
 l - a potion of curing {unknown}
 m - 2 potions of haste {unknown}
 o - 3 potions of mutation {unknown}
 q - a potion of degeneration {unknown}
 r - 2 potions of heal wounds {unknown}
 u - a potion of cancellation {unknown}
 v - 2 potions of flight {unknown}
 B - a potion of invisibility {unknown}
 C - a potion of lignification {unknown}
 D - a potion of brilliance {unknown}
Comestibles
 f - 13 rations


   Skills:
 - Level 10.6 Fighting
 + Level 9.9 Axes
 + Level 8.7 Armour
 + Level 2.5 Dodging
 - Level 4.0 Shields


You had 8 spell levels left.
You didn't know any spells.
Your spell library contained the following spells:

 Spells                   Type           Power        Failure   Level  Hunger
 Beastly Appendage        Tmut           #.....       75%         1    ##.....
 Corona                   Hex            #......      75%         1    ##.....
 Freeze                   Ice            #...         75%         1    ##.....
 Sandblast                Erth           #.....       75%         1    ##.....
 Passwall                 Tmut/Erth      #.......     86%         2    ###....
 Slow                     Hex            #.......     86%         2    ###....
 Sticks to Snakes         Tmut           #.......     86%         2    ###....
 Throw Frost              Conj/Ice       #.....       86%         2    ###....
 Inner Flame              Hex/Fire       #.......     98%         3    ####...
 Ozocubu's Armour         Chrm/Ice       #.......     98%         3    ####...
 Portal Projectile        Hex/Tloc       #.....       98%         3    ####...
 Spider Form              Tmut/Pois      #.........   98%         3    ####...
 Stone Arrow              Conj/Erth      #.....       98%         3    ####...
 Cause Fear               Hex            #.........   100%        4    #####..
 Ice Form                 Ice/Tmut       #.......     100%        4    #####..
 Leda's Liquefaction      Hex/Erth       #.........   100%        4    #####..
 Petrify                  Tmut/Erth      #.......     100%        4    #####..
 Summon Ice Beast         Ice/Summ       #.......     100%        4    #####..
 Throw Icicle             Conj/Ice       #.......     100%        4    #####..
 Blade Hands              Tmut           #.........   100%        5    ######.
 Lee's Rapid Deconstruct  Erth           #.........   100%        5    ######.


Dungeon Overview and Level Annotations

Branches:
Dungeon (8/15)             Temple (0/1) D:5            Lair (0/6) D:8

Altars:
Ashenzari
Cheibriados
Elyvilon
Nemelex Xobeh
Ru
Vehumet
Xom
The Shining One


Innate Abilities, Weirdness & Mutations

You reflexively headbutt those who attack you in melee.
You have a pair of horns on your head.


Message History

You hit the elephant but do no damage. You headbutt the elephant.
The elephant is lightly wounded.
You hit the crocodile. The elephant tramples you!
* * * LOW HITPOINT WARNING * * *
You stumble backwards!
You slash the elephant!
You headbutt the elephant, but do no damage.
The elephant is moderately wounded.
The elephant tramples you.
* * * LOW HITPOINT WARNING * * *
You hold your ground!
The elephant closely misses you.
You hit the elephant but do no damage.
You headbutt the elephant, but do no damage.
The elephant is moderately wounded.
Your scale mail prevents you from hitting the elephant.
You headbutt the elephant, but do no damage.
The elephant is moderately wounded.
The elephant tramples you!
You die...
Your body disappears without a glow.

.....# .....#
.P.P.. .....#
....P.# !....#
....... .....#
.......##
.....##
..>.....#
..>....
.......Y##.....#
......†tY@#
P?.P..###.#
..... #<..# ....
##### #.. ##


You could see an elephant, a yak and a crocodile.

Vanquished Creatures
  A hornet (D:7)
  A hippogriff (D:7)
  Grinder (D:3)
  Sigmund (D:2)
  A hungry ghost (D:6)
  Menkaure (D:5)
  An ice beast (D:6)
  A sky beast (D:6)
  An orc warrior (D:7)
  A centaur (D:7)
  5 ogres
  2 phantoms
  A big kobold (D:7)
  A crocodile (D:8)
  A bullfrog (D:6)
  A scorpion (D:5)
  A killer bee (D:7)
  6 howler monkeys
  A crimson imp (D:5)
  A centaur zombie (D:6)
  A bullfrog zombie (D:6)
  2 jellies
  An orc priest (D:4)
  A quasit (D:6)
  3 hounds
  Jessica (D:2)
  An iguana (D:7)
  4 worker ants
  12 adders
  3 gnolls (D:7)
  2 shadow imps
  12 oozes (D:3)
  An adder skeleton (D:6)
  2 worms
  A dart slug (D:1)
  6 leopard geckos
  17 orcs
  6 giant cockroaches
  5 goblins
  7 hobgoblins
  4 jackals (D:3)
  17 kobolds
  3 quokkas
  3 ball pythons
  A ball python skeleton (D:3)
  8 bats
  2 frilled lizards
  4 rats
  A fungus (D:3)
161 creatures vanquished.

Vanquished Creatures (others)
  7 toadstools (D:3)
7 creatures vanquished.

Grand Total: 168 creatures vanquished

Notes
Turn   | Place    | Note
-------+----------+-------------------------------------------
     0 | D:1      | Menchi the Minotaur Fighter began the quest for the Orb.
     0 | D:1      | Reached XP level 1. HP: 19/19 MP: 0/0
    21 | D:1      | Reached skill level 4 in Fighting
   142 | D:1      | Reached XP level 2. HP: 27/28 MP: 1/1
   411 | D:1      | Reached skill level 5 in Fighting
   774 | D:2      | Noticed Jessica
   778 | D:2      | Killed Jessica
   778 | D:2      | Reached XP level 3. HP: 37/37 MP: 2/2
   897 | D:2      | Reached skill level 6 in Fighting
   897 | D:2      | Reached XP level 4. HP: 30/44 MP: 3/3
   919 | D:2      | Found a radiant altar of Vehumet.
   919 | D:2      | Found a white marble altar of Elyvilon.
   921 | D:2      | Found a shimmering altar of Xom.
  1045 | D:2      | Noticed Sigmund
  1061 | D:2      | Killed Sigmund
  1061 | D:2      | Reached skill level 7 in Fighting
  1061 | D:2      | Reached XP level 5. HP: 8/53 MP: 4/4
  1350 | D:2      | Reached skill level 8 in Fighting
  1659 | D:3      | Noticed Grinder
  1677 | D:3      | Reached XP level 6. HP: 32/61 MP: 5/5
  1679 | D:3      | HP: 3/61 [Grinder (6)]
  1681 | D:3      | HP: 1/61 [poisoned by an adder]
  1699 | D:3      | Killed Grinder
  1699 | D:3      | Reached skill level 9 in Fighting
  2042 | D:3      | Reached XP level 7. HP: 70/70 MP: 6/6
  2180 | D:3      | Found a shattered altar of Ashenzari.
  2183 | D:3      | Found a snail-covered altar of Cheibriados.
  2186 | D:3      | Found a sparkling altar of Nemelex Xobeh.
  2301 | D:3      | Reached skill level 10 in Fighting
  2464 | D:3      | Became a worshipper of Nemelex Xobeh the Trickster
  2485 | D:4      | Received a gift from Nemelex Xobeh
  2879 | D:4      | Found a glowing golden altar of the Shining One.
  3415 | D:4      | Reached XP level 8. HP: 81/81 MP: 7/7
  3533 | D:5      | Entered Level 5 of the Dungeon
  3560 | D:5      | Reached * piety under Nemelex Xobeh
  3708 | D:5      | Found a staircase to the Ecumenical Temple.
  4062 | D:5      | Reached skill level 5 in Armour
  4207 | D:5      | Noticed Menkaure
  4212 | D:5      | Killed Menkaure
  4212 | D:5      | Reached skill level 5 in Axes
  4403 | D:6      | Received a gift from Nemelex Xobeh
  4421 | D:6      | Reached skill level 1 in Dodging
  4604 | D:6      | Reached ** piety under Nemelex Xobeh
  4643 | D:6      | Found a sacrificial altar of Ru.
  5007 | D:7      | Reached XP level 9. HP: 54/86 MP: 8/8
  5296 | D:7      | Got a flickering ivory ring
  5299 | D:7      | Identified the ring "Xuclazuru" {rElec SInv} (You found it
                  | on level 7 of the Dungeon)
  6025 | D:8      | Found a staircase to the Lair.
  6025 | D:8      | Noticed an elephant
  6040 | D:8      | Slain by an elephant

Skill      XL: |  1  2  3  4  5  6  7  8  9 |
---------------+----------------------------+-----
Fighting       | 4 5 6 7 8 9 10 | 10.6
Axes           | 4 7 9 |  9.9
Armour         | 4 7 8 |  8.7
Dodging        | 1 2 |  2.5
Shields        | 4 |  4.0

Action                   |  1- 3 |  4- 6 |  7- 9 || total
-------------------------+-------+-------+-------++-------
Melee: War axe           |    55 |    67 |    85 ||   207
       Headbutt          |    11 |    11 |    73 ||    95
       Hand axe          |       |       |   183 ||   183
       Flail             |       |       |    31 ||    31
 Abil: Draw Destruction  |       |       |     2 ||     2
  Use: Potion            |       |     2 |     1 ||     3
  Eat: Chunk             |       |     3 |    10 ||    13
       Ration            |       |       |     1 ||     1
Armor: Scale mail        |    41 |    31 |   109 ||   181
Dodge: Dodged            |    33 |    45 |   143 ||   221
Block: Buckler           |       |       |    35 ||    35
